 Dungeon Crawl Stone Soup version 0.27-a0-1149-g4505690ab0 (webtiles) character file.

Game seed: 10610450333180554011

635 pokeman the Thaumaturge (level 7, -1/39 HPs)
             Began as a Deep Elf Hedge Wizard on May 12, 2021.
             Was an Initiate of Vehumet.
             Slain by a two-headed ogre
             ... wielding a +0 giant spiked club
              (7 damage)
             ... on level 5 of the Dungeon.
             The game lasted 00:17:24 (5891 turns).

pokeman the Thaumaturge (Deep Elf Hedge Wizard)     Turns: 5891, Time: 00:17:25

Health: -1/39      AC:  6    Str:  7    XL:     7   Next: 25%
Magic:  15/20      EV: 12    Int: 21    God:    Vehumet [......]
Gold:   215        SH:  0    Dex: 14    Spells: 11/22 levels left

rFire    . . .     SeeInvis .   p - +2 flail (vorpal)
rCold    . . .     Faith    .   (no shield)
rNeg     . . .     Spirit   .   f - +0 leather armour
rPois    .         Reflect  .   c - +0 hat
rElec    .         Harm     .   s - +2 cloak
rCorr    .         Rampage  .   (no gloves)
Will     .....                  (no boots)
Stlth    ++........             a - amulet of regeneration
HPRegen  1.13/turn              (no ring)
MPRegen  0.17/turn              (no ring)

@: very slightly contaminated
A: no striking features
a: Renounce Religion


You were on level 5 of the Dungeon.
You worshipped Vehumet.
Vehumet was noncommittal.
You visited 2 branches of the dungeon, and saw 6 of its levels.

You collected 215 gold pieces.

Inventory:

Hand Weapons
 p - a +2 vorpal flail (weapon)
Missiles
 b - 13 bolts
 o - 35 arrows
Armour
 c - a +0 hat (worn)
 f - a +0 leather armour (worn)
 r - a scarf of invisibility
 s - a +2 cloak (worn)
Jewellery
 a - an amulet of regeneration (around neck)
Wands
 n - a wand of polymorph (5)
 t - a wand of iceblast (8)
Scrolls
 d - a scroll of enchant armour {unknown}
 e - a scroll of enchant weapon {unknown}
 g - a scroll of fog {unknown}
 h - a scroll of brand weapon {unknown}
 j - a scroll of noise {unknown}
 k - 3 scrolls of identify {unknown}
 m - a scroll of amnesia {unknown}
 q - a scroll of magic mapping {unknown}
Potions
 i - a potion of haste {unknown}
 l - 2 potions of berserk rage {unknown}
 u - a potion of lignification {unknown}


   Skills:
 + Level 1.7 Fighting
 - Level 1.0 Armour
 - Level 3.0 Dodging
 - Level 3.2 Stealth
 * Level 8.0 Spellcasting
 + Level 3.8 Conjurations
 - Level 1.1 Summonings
 - Level 1.1 Translocations
 + Level 1.6 Fire Magic
 - Level 1.0 Air Magic
 - Level 1.2 Poison Magic
 - Level 1.0 Evocations


You had 11 spell levels left.
You knew the following spells:

 Your Spells              Type           Power      Damage    Failure   Level
a - Magic Dart            Conj           96%        1d7       2%          1
b - Mephitic Cloud        Conj/Pois/Air  17%        N/A       16%         3
c - Call Imp              Summ           13%        N/A       11%         2
d - Blink                 Tloc           N/A        N/A       11%         2
e - Conjure Flame         Conj/Fire      20%        6-21      11%         3

Your spell library contained the following spells:

 Spells                   Type           Power      Damage    Failure   Level
 Searing Ray              Conj           48%        3d5       3%          2
 Freeze                   Ice            32%        1d5       12%         1
 Dazzling Flash           Conj/Hex       32%        N/A       16%         3
 Slow                     Hex            8%         N/A       17%         2
 Gell's Gravitas          Tloc           6%         N/A       22%         3
 Confusing Touch          Hex            8%         N/A       34%         3
 Frozen Ramparts          Ice            16%        1d3       34%         3
 Ozocubu's Armour         Ice            8%         N/A       34%         3
 Iskenderun's Mystic Bla  Conj/Tloc      18%        2d6       38%         4
 Fulminant Prism          Conj/Hex       8%         3d7       45%         4
 Hailstorm                Conj/Ice       16%        3d6       45%         4
 Petrify                  Tmut/Erth      8%         N/A       75%         4
 Metabolic Englaciation   Hex/Ice        4%         N/A       97%         5
 Yara's Violent Unravell  Hex/Tmut       4%         3d4       97%         5


Dungeon Overview and Level Annotations

Branches:
Dungeon (5/15)             Temple (1/1) D:4

Altars:
Ashenzari
Cheibriados
Dithmenos
Elyvilon
Fedhas
Gozag
Hepliaklqana
Qazlal
Ru
Sif Muna
Uskayaw
Vehumet
Xom
Yredelemnul
Zin

Annotations:
D:3 2 transporters, Scarexists's ghost, amateur HuFi


Message History

Done exploring.
Done exploring.
There is a fountain of clear blue water here.
There is a stone staircase leading down here.
You climb downwards.
Found a fuming pink potion and 18 gold pieces.
There is a stone staircase leading up here.
You now have 200 gold pieces (gained 18).
You now have 215 gold pieces (gained 15).
There is a stone staircase leading up here.
u - a fuming pink potion An orc comes into view.
It is wielding a +0 dagger.
You closely miss the orc. The orc hits you with a +0 dagger.
You thump the orc!
You kill the orc!
Vehumet accepts your kill.
You see here a +0 dagger.
A two-headed ogre comes into view.
It is wielding two +0 giant spiked clubs.
Found a stone staircase leading down.
Casting: Magic Dart (safe; 2% risk of failure)
Confirm with . or Enter, or press ? or * to list all spells.
You miscast Conjure Flame.
You are very lightly contaminated with residual magic.
Nothing appears to happen.
Casting: Conjure Flame (dangerous; 11% risk of failure)
Confirm with . or Enter, or press ? or * to list all spells.
The spell is quite dangerous to cast (16% risk of failure)!
Continue anyway?
Okay, then.
Casting: Mephitic Cloud (quite dangerous; 16% risk of failure)
Confirm with . or Enter, or press ? or * to list all spells.
The spell is quite dangerous to cast (16% risk of failure)!
Continue anyway?
Aiming: Mephitic Cloud (quite dangerous; 16% risk of failure)
Press: ? - help, Shift-Dir - straight line, f - two-headed ogre
Aim: a two-headed ogre, wielding two +0 giant spiked clubs (chance to affect: 53%)
You miscast Mephitic Cloud.
Nothing appears to happen.
The two-headed ogre hits you with a +0 giant spiked club!!
Ouch! That really hurt!
* * * LOW HITPOINT WARNING * * *
The two-headed ogre hits you with a +0 giant spiked club!
You die...

#.......# ###.
#......># #...
#.......# #+# #.#.
#.......# #.# #.#.
#.......# #.# #.#.
#.......######.#####
#.#. #.#
#..........# #.##
#.# #.##.....#.#
#.##
#.####@###...##.#
#... #....O.#
##.###.#######
######## #.#
#........ #.#
######### #.# #.#
#.# #.# #.#


You could see a two-headed ogre.

Vanquished Creatures
  Edmund (D:4)
  An ogre (D:4)
  3 orc priests
  Jessica (D:2)
  Ijyb (D:4)
  2 orc wizards (D:4)
  A hound skeleton (D:4)
  A howler monkey skeleton (D:4)
  7 gnolls
  3 adders
  2 adder skeletons (D:4)
  4 worms
  5 dart slugs
  24 orcs
  9 endoplasms
  2 giant cockroaches
  4 goblins
  7 hobgoblins
  3 jackals (D:3)
  5 quokkas
  7 ball pythons
  7 bats
  3 frilled lizards
  11 kobolds
  A quokka skeleton (D:4)
  5 rats
120 creatures vanquished.

Vanquished Creatures (collateral kills)
  A gnoll shaman (D:4)
  A gnoll (D:4)
2 creatures vanquished.

Grand Total: 122 creatures vanquished

Notes
Turn   | Place    | Note
-------+----------+-------------------------------------------
     0 | D:1      | pokeman the Deep Elf Hedge Wizard began the quest for the
                  | Orb.
     0 | D:1      | Reached XP level 1. HP: 10/10 MP: 7/7
   333 | D:1      | Reached XP level 2. HP: 15/15 MP: 6/9
   917 | D:1      | Reached skill level 5 in Spellcasting
  1428 | D:1      | Reached XP level 3. HP: 20/20 MP: 8/11
  1432 | D:1      | Learned a level 3 spell: Conjure Flame
  1435 | D:1      | Learned a level 2 spell: Call Imp
  1439 | D:1      | Learned a level 3 spell: Mephitic Cloud
  1442 | D:1      | Learned a level 2 spell: Blink
  2065 | D:2      | Reached skill level 1 in Fighting
  2065 | D:2      | Reached skill level 1 in Armour
  2377 | D:2      | Reached XP level 4. HP: 23/25 MP: 3/13
  2719 | D:2      | Noticed Jessica
  2724 | D:2      | Killed Jessica
  2725 | D:2      | Reached skill level 1 in Fire Magic
  3078 | D:2      | Reached skill level 6 in Spellcasting
  3301 | D:3      | Reached XP level 5. HP: 27/29 MP: 5/15
  3656 | D:3      | Noticed Scarexists's ghost (amateur HuFi)
  3658 | D:3      | Found a transporter.
  3672 | D:3      | Noticed an ogre
  3674 | D:3      | Found a transporter.
  3800 | D:3      | Found a white marble altar of Elyvilon.
  3822 | D:3      | Reached skill level 1 in Air Magic
  4219 | D:4      | Noticed Ijyb
  4259 | D:4      | Killed Ijyb
  4465 | D:4      | Noticed Edmund
  4468 | D:4      | Noticed an ogre
  4482 | D:4      | Killed Edmund
  4483 | D:4      | Reached skill level 7 in Spellcasting
  4483 | D:4      | Reached skill level 1 in Poison Magic
  4483 | D:4      | Reached XP level 6. HP: 34/34 MP: 12/18
  4723 | D:4      | Found a staircase to the Ecumenical Temple.
  4745 | D:4      | Reached skill level 1 in Evocations
  4750 | Temple   | Entered the Ecumenical Temple
  4873 | Temple   | Became a worshipper of Vehumet
  4940 | D:4      | Found a glowing silver altar of Zin.
  5220 | D:4      | Reached XP level 7. HP: 38/38 MP: 14/20
  5615 | D:4      | Found a shimmering altar of Xom.
  5643 | D:4      | Reached skill level 8 in Spellcasting
  5803 | D:5      | Entered Level 5 of the Dungeon
  5880 | D:5      | Noticed a two-headed ogre
  5891 | D:5      | Slain by a two-headed ogre

Illustrated notes

Levels and vault maps discovered:
D:1:      psy_arrival_spokes, layout_loops_ring, kennysheep_pointless_box,
          st_stairs_9
D:2:      layout_basic, uniq_jessica
D:3:      layout_rooms, lemuel_crystal_altar, gammafunk_ghost_smash
D:4:      layout_basic, kennysheep_mini_moat, zin_statuary,
          minmay_temple_entry_sparse_star, uniq_edmund, uniq_ijyb
D:5:      black_bear_nest_1, layout_loops_corners, general_overflow_altar
Temple:   nicolae_temple_god_jail

Skill      XL: |  1  2  3  4  5  6  7 |
---------------+----------------------+-----
Spellcasting   | 5 6 7 8 |  8.0
Fighting       | 1 |  1.7
Armour         | 1 |  1.0
Conjurations   | 2 3 |  3.8
Fire Magic     | 1 |  1.6
Dodging        | 3 |  3.0
Air Magic      | 1 |  1.0
Stealth        | 3 |  3.2
Poison Magic   | 1 |  1.2
Evocations     | 1 |  1.0
Summonings     | |  1.1
Translocations | |  1.1

Action                   |  1- 3 |  4- 6 |  7- 9 || total
-------------------------+-------+-------+-------++-------
Melee: Dagger            |    19 |    91 |       ||   110
       Flail             |       |    10 |    24 ||    34
 Cast: Magic Dart        |   102 |   170 |    29 ||   301
       Mephitic Cloud    |     3 |     9 |     4 ||    16
       Conjure Flame     |     3 |     2 |     1 ||     6
       Blink             |       |     1 |       ||     1
       Call Imp          |       |       |     1 ||     1
 Stab: Confused          |     1 |     7 |     1 ||     9
       Sleeping          |       |     1 |       ||     1
Armor: Leather armour    |     8 |     9 |     3 ||    20
Dodge: Dodged            |    17 |    63 |    12 ||    92

Table legend: (Time is in decaauts)
 A = Elapsed time spent in this place.
 B = Non-inter-level travel time spent in this place.
 C = Inter-level travel time spent in this place.
 D = Time resting spent in this place.
 E = Time spent auto-exploring this place.
 F = Levels seen in this place.
 G = Mean time per level.
                   A        B        C        D        E       F      G
               +--------+--------+--------+--------+--------+-----+--------+
         Total |   5874 |   5693 |    181 |    276 |   4494 |   6 |  979.0 |
       Dungeon |   5734 |   5565 |    169 |    276 |   4386 |   5 | 1146.8 |
        Temple |    139 |    127 |     12 |      0 |    108 |   1 |  139.0 |
               +--------+--------+--------+--------+--------+-----+--------+

Top non-repeatable levels by time:
     D:1: 1995 daAuts
     D:4: 1446 daAuts
     D:2: 1249 daAuts
     D:3: 954 daAuts
  Temple: 139 daAuts
     D:5: 88 daAuts
